 Dungeon Crawl Stone Soup version 0.28-a0-425-gd0eccab798 (webtiles) character file.

Game seed: 7150051517644172650

234 Zenkrye the Chopper (level 5, 0/40 (43) HPs)
             Began as a Palentonga Abyssal Knight on Sept 9, 2021.
             Was a Believer of Lugonu.
             Succumbed to a scorpion's poison
             ... on level 4 of the Dungeon.
             The game lasted 00:05:49 (2878 turns).

Zenkrye the Chopper (Palentonga Abyssal Knight)     Turns: 2878, Time: 00:05:50

HP:   0/40 (43)     AC:  8    Str: 16    XL:     5   Next: 75%
MP:   8/8           EV:  4    Int: 12    God:    Lugonu [**....]
Gold: 179           SH:  0    Dex: 10    Spells: 4/4 levels left

rFire   . . .      SeeInvis +   a - +1 hand axe
rCold   . . .      Faith    .   (no shield)
rNeg    . . .      Spirit   .   n - +0 chain mail
rPois   .          Reflect  .   (no helmet)
rElec   .          Harm     .   h - scarf {repulsion}
rCorr   .          Rampage  .   m - +0 pair of gloves
Will    .....                   (no barding)
Stlth   ..........              (no amulet)
HPRegen 0.13/turn               (no ring)
MPRegen 0.11/turn               (no ring)

@: brilliant, lethally poisoned (0 -> -4), flying, drained, repel missiles
A: large, rugged brown scales 3, see invisible, deformed body, roll 1, armoured
tail
a: Rolling Charge, Renounce Religion, Depart the Abyss, Bend Space


You were on level 4 of the Dungeon.
You worshipped Lugonu.
Lugonu was pleased with you.
You visited 1 branch of the dungeon, and saw 4 of its levels.
You visited the Abyss 1 time.

You collected 179 gold pieces.

Inventory:

Hand Weapons
 a - a +1 hand axe (weapon)
Missiles
 e - 34 poisoned darts (quivered)
 k - 31 bolts
Armour
 b - a +0 leather armour
 g - a +0 scale mail
 h - a scarf of repulsion (worn)
 m - a +0 pair of gloves (worn)
 n - a +0 chain mail (worn)
Magical Staves
 i - a staff of conjuration
Jewellery
 j - an amulet of faith
Scrolls
 c - a scroll of fog


   Skills:
 - Level 3.0 Fighting
 * Level 5.1 Axes
 - Level 1.5 Armour
 - Level 0.7 Dodging
 + Level 4.0 Invocations


You had 4 spell levels left.
You didn't know any spells.
Your spell library contained the following spells:

 Spells                   Type           Power      Damage    Failure   Level
 Beastly Appendage        Tmut           0%         N/A       99%         1
 Sting                    Tmut/Pois      0%         1d3       99%         1
 Poisonous Vapours        Pois/Air       0%         N/A       100%        2
 Wereblood                Tmut           0%         N/A       100%        2
 Spider Form              Tmut/Pois      0%         N/A       100%        3
 Olgreb's Toxic Radiance  Pois           0%         N/A       100%        4
 Chain Lightning          Conj/Air       0%         N/A       100%        9
 Fire Storm               Conj/Fire      0%         5d1       100%        9
 Shatter                  Erth           0%         3d5*      100%        9


Dungeon Overview and Level Annotations

Branches:
Dungeon (4/15)
 Temple: D:4-7

Altars:
Qazlal


Innate Abilities, Weirdness & Mutations

You are completely covered in rugged brown scales. (AC +3, +7% HP)
You have supernaturally acute eyesight. (SInv)
Armour fits poorly on your strangely shaped body.
You can roll at nearby foes to attack.
You have a long armoured tail.


Message History

The necrophage hits you.
You feel drained.
You barely miss the necrophage.
The necrophage is heavily damaged.
The necrophage hits you but does no damage.
You hit the necrophage.
Your tail-slap misses the necrophage.
The necrophage is heavily damaged.
The necrophage hits you but does no damage.
You slash the necrophage!
The necrophage is severely damaged.
The necrophage hits you.
* * * LOW HITPOINT WARNING * * *
It was a potion of brilliance.
You feel clever all of a sudden.
The necrophage hits you but does no damage.
Okay, then.
Unknown command.
You aren't carrying any items that you can evoke.
Unknown command.
Unknown command.
Unknown command.
You feel very buoyant.
You fly up into the air.
The necrophage hits you.
* * * LOW HITPOINT WARNING * * *
You see here a scroll labelled JIFAXU DUBLIO.
Found a ring mail.
A scorpion comes into view.
The scorpion stings you.
* * * LOW HITPOINT WARNING * * *
You are lethally poisoned!
The scorpion poisons you!
* * * LOW HITPOINT WARNING * * *
You feel very sick.
* * * LOW HITPOINT WARNING * * *
You feel sick.
* * * LOW HITPOINT WARNING * * *
You feel sick.
* * * LOW HITPOINT WARNING * * *
You feel sick.
A kobold comes into view. It is wielding a +0 club.
You die...

####### #
#.....# K#
#.....###..#
#....s.@...#
#....n####.####
######.....#
..#
#....[.##### #
#.# #.####.#
#.##<# ###.###
#....# #.....#
#.#####.#
#.#.#.#
#.......#
#.#.#.#
#######.#


You could see a necrophage, a scorpion and a kobold (asleep).

Vanquished Creatures
  A centaur (D:3)
  A water moccasin skeleton (D:3)
  3 gnolls (D:4)
  3 adders
  A dart slug (D:1)
  3 orcs (D:3)
  5 endoplasms
  2 giant cockroaches
  2 goblins
  5 hobgoblins
  6 ball pythons
  7 bats
  3 frilled lizards
  3 kobolds
  8 rats
53 creatures vanquished.

Notes
Turn   | Place    | Note
-------+----------+-------------------------------------------
     0 | Abyss:1  | Zenkrye the Palentonga Abyssal Knight began the quest for
                  | the Orb.
     0 | Abyss:1  | Reached XP level 1. HP: 19/19 MP: 2/2
    94 | D:1      | Escaped the Abyss
   287 | D:1      | Reached * piety under Lugonu
   335 | D:1      | Reached XP level 2. HP: 25/25 MP: 3/3
   836 | D:1      | Reached skill level 3 in Axes
  1219 | D:2      | Reached XP level 3. HP: 26/31 MP: 3/5
  1801 | D:2      | Found a faded altar of an unknown god.
  1834 | D:3      | Reached ** piety under Lugonu
  2196 | D:3      | Noticed a centaur
  2208 | D:3      | Killed a centaur
  2209 | D:3      | Reached skill level 4 in Axes
  2209 | D:3      | Reached XP level 4. HP: 18/37 MP: 6/6
  2209 | D:3      | Reached XP level 5. HP: 21/43 MP: 7/7
  2390 | D:3      | Found a stormy altar of Qazlal.
  2836 | D:4      | Reached skill level 5 in Axes
  2837 | D:4      | Noticed a necrophage
  2877 | D:4      | HP: 1/40 [poisoned by a scorpion]
  2878 | D:4      | Succumbed to a scorpion's poison

Illustrated notes

Levels and vault maps discovered:
D:1:      dpeg_arrival_radiant, layout_basic
D:2:      layout_basic, dreamdust_ecumenical_altar_angels_and_demons,
          corexii_corridor_pit
D:3:      layout_loops_cross, mainiacjoe_overflow_small_starburst
D:4:      layout_loops_cross, mainiacjoe_overflow_catch_the_wave,
          nicolae_overflow_crystal_walls, nicolae_zen_rock_garden

Skill      XL: |  1  2  3  4  5 |
---------------+----------------+-----
Axes           | 3 4 5 |  5.1
Invocations    | 3 4 |  4.0
Fighting       | |  3.0
Armour         | |  1.5
Dodging        | |  0.7

Action                   |  1- 3 |  4- 6 || total
-------------------------+-------+-------++-------
Melee: Hand axe          |   129 |    38 ||   167
       Tailslap          |     8 |     3 ||    11
Throw: Dart              |    10 |     9 ||    19
Invok: Depart the Abyss  |     1 |       ||     1
 Abil: Rolling Charge    |     7 |     3 ||    10
  Use: Scroll            |       |     3 ||     3
       Potion            |       |     2 ||     2
Armor: Leather armour    |    23 |       ||    23
       Scale mail        |    45 |       ||    45
       Chain mail        |       |    19 ||    19
Dodge: Dodged            |    65 |    10 ||    75

Table legend: (Time is in decaauts)
 A = Elapsed time spent in this place.
 B = Non-inter-level travel time spent in this place.
 C = Inter-level travel time spent in this place.
 D = Time resting spent in this place.
 E = Time spent auto-exploring this place.
 F = Levels seen in this place.
 G = Mean time per level.
                   A        B        C        D        E       F      G
               +--------+--------+--------+--------+--------+-----+--------+
         Total |   2898 |   2836 |     62 |      0 |   2367 |   5 |  579.6 |
       Dungeon |   2804 |   2742 |     62 |      0 |   2288 |   4 |  701.0 |
         Abyss |     94 |     94 |      0 |      0 |     79 |   1 |   94.0 |
               +--------+--------+--------+--------+--------+-----+--------+

Top non-repeatable levels by time:
     D:1: 1125 daAuts
     D:3: 995 daAuts
     D:2: 622 daAuts
 Abyss:1: 94 daAuts
     D:4: 61 daAuts
